3003 views
Uploaded 2020-01-30 00:32:50
Game version 1.32 / 1.32.1
29:11 long 4on4 ladder game on (8)MarketSquare
Saved by Teelo
3003 views
Uploaded 2020-01-30 00:32:50
Game version 1.32 / 1.32.1
29:11 long 4on4 ladder game on (8)MarketSquare


218 units @ 36.6k
/ 7.1k
76 buildings @ 12.8k
/ 4.8k


| Rod of Necromancy | 1 | 150 |
| Potion of Healing | 4 | 600 |
| Potion of Mana | 1 | 200 |
| Scroll of Town Portal | 2 | 700 |
| total: | 8 | 1650g |
| Acolyte | 5 | 375 | / | 0 |
| Ghoul | 4 | 480 | / | 0 |
| Crypt Fiend | 16 | 3440 | / | 640 |
| Obsidian Statue | 12 | 2400 | / | 420 |
| Frost Wyrm | 3 | 1155 | / | 360 |
| total: | 40 | 7850g | / | 1420w |
| Nerubian Tower | 2 | 200 | / | 40 |
| Spirit Tower | 3 | 435 | / | 120 |
| Altar of Darkness | 1 | 180 | / | 50 |
| Ziggurat | 7 | 1050 | / | 350 |
| Graveyard | 1 | 215 | / | 0 |
| Crypt | 1 | 200 | / | 50 |
| Tomb of Relics | 1 | 130 | / | 30 |
| Slaughterhouse | 1 | 140 | / | 135 |
| Sacrificial Pit | 1 | 75 | / | 150 |
| Boneyard | 1 | 175 | / | 200 |
| Halls of the Dead | 1 | 320 | / | 210 |
| Black Citadel | 1 | 325 | / | 230 |
| total: | 14 | 2165g | / | 965w |
| 0:07 | Acolyte |
| 0:37 | Altar of Darkness |
| 0:39 | Ziggurat |
| 0:44 | Graveyard |
| 1:23 | Crypt |
| 1:33 | Tomb of Relics |
| 1:44 | Acolyte |
| 2:05 | Ziggurat |
| 2:29 | Nerubian Tower |
| 2:33 | Ghoul |
| 2:35 | Ghoul |
| 2:44 | Carrion Beetles |
| 2:48 | Rod of Necromancy |
| 3:02 | Spirit Tower |
| 3:15 | Ghoul |
| 3:48 | Ziggurat |
| 3:52 | Crypt Fiend |
| 4:06 | Ghoul |
| 4:41 | Crypt Fiend |
| 4:45 | Crypt Fiend |
| 4:48 | Spirit Tower |
| 5:00 | Ziggurat |
| 5:03 | Ziggurat |
| 5:52 | Crypt Fiend |
| 5:54 | Halls of the Dead |
| 6:00 | Impale |
| 6:15 | Creature Attack |
| 6:45 | Crypt Fiend |
| 6:45 | Crypt Fiend |
| 7:12 | Nerubian Tower |
| 7:20 | Ziggurat |
| 7:59 | Crypt Fiend |
| 8:17 | Potion of Healing |
| 8:33 | Slaughterhouse |
| 8:39 | Spirit Tower |
| 9:06 | Web |
| 9:14 | Death Coil |
| 9:45 | Spiked Carapace |
| 10:29 | Unholy Aura |
| 10:43 | Obsidian Statue |
| 10:43 | Obsidian Statue |
| 11:05 | Black Citadel |
| 11:08 | Creature Carapace |
| 11:15 | Scroll of Town Portal |
| 12:03 | Crypt Fiend |
| 12:06 | Crypt Fiend |
| 12:10 | Improved Creature Attack |
| 13:18 | Obsidian Statue |
| 13:31 | Sacrificial Pit |
| 13:34 | Ziggurat |
| 13:40 | Destroyer Form |
| 14:03 | Scroll of Town Portal |
| 14:17 | Obsidian Statue |
| 14:21 | Crypt Fiend |
| 14:41 | Acolyte |
| 15:42 | Obsidian Statue |
| 15:44 | Obsidian Statue |
| 16:35 | Impale |
| 16:42 | Obsidian Statue |
| 16:43 | Obsidian Statue |
| 16:43 | Obsidian Statue |
| 16:53 | Acolyte |
| 16:54 | Acolyte |
| 17:28 | Boneyard |
| 17:55 | Crypt Fiend |
| 17:55 | Crypt Fiend |
| 18:07 | Obsidian Statue |
| 18:46 | Death Coil |
| 19:28 | Unholy Aura |
| 19:45 | Death Coil |
| 20:04 | Obsidian Statue |
| 20:34 | Frost Wyrm |
| 22:15 | Crypt Fiend |
| 23:10 | Impale |
| 23:27 | Crypt Fiend |
| 23:47 | Crypt Fiend |
| 24:35 | Animate Dead |
| 25:00 | Potion of Mana |
| 25:00 | Potion of Healing |
| 25:28 | Unholy Aura |
| 25:31 | Death Pact |
| 25:46 | Potion of Healing |
| 25:46 | Potion of Healing |
| 26:35 | Frost Wyrm |
| 26:36 | Crypt Fiend |
| 27:56 | Frost Wyrm |
| 28:28 | Obsidian Statue |
| Right click | 712 |
| Select | 526 |
| Build/train/purchase | 104 |
| Misc. action | 88 |
| Use ability | 40 |
| Minimap ping | 13 |
| Assign group | 12 |
| Select group | 4 |
| Remove unit | 3 |
| Item give/drop | 2 |
| Esc | 1 |
| Acolyte | 9 | 675 | / | 0 |
| Ghoul | 3 | 360 | / | 0 |
| Crypt Fiend | 12 | 2580 | / | 480 |
| Gargoyle | 8 | 1400 | / | 240 |
| Abomination | 14 | 3360 | / | 980 |
| total: | 46 | 8375g | / | 1700w |
| Spirit Tower | 5 | 725 | / | 200 |
| Ziggurat | 9 | 1350 | / | 450 |
| Crypt | 2 | 400 | / | 100 |
| Graveyard | 1 | 215 | / | 0 |
| Altar of Darkness | 1 | 180 | / | 50 |
| Tomb of Relics | 1 | 130 | / | 30 |
| Necropolis | 1 | 225 | / | 0 |
| Slaughterhouse | 1 | 140 | / | 135 |
| Halls of the Dead | 1 | 320 | / | 210 |
| Black Citadel | 1 | 325 | / | 230 |
| total: | 16 | 2640g | / | 765w |
| 0:07 | Acolyte |
| 0:29 | Ziggurat |
| 0:32 | Acolyte |
| 0:42 | Crypt |
| 0:53 | Graveyard |
| 1:20 | Altar of Darkness |
| 1:29 | Acolyte |
| 1:47 | Ghoul |
| 1:59 | Ghoul |
| 2:27 | Ziggurat |
| 3:04 | Halls of the Dead |
| 3:08 | Ghoul |
| 3:37 | Crypt Fiend |
| 3:56 | Unholy Strength |
| 3:57 | Creature Attack |
| 4:07 | Spirit Tower |
| 4:49 | Crypt Fiend |
| 4:52 | Unholy Armor |
| 4:52 | Creature Carapace |
| 5:40 | Crypt Fiend |
| 5:45 | Crypt Fiend |
| 6:19 | Black Citadel |
| 6:43 | Web |
| 6:52 | Crypt |
| 7:13 | Improved Creature Attack |
| 8:13 | Ziggurat |
| 8:30 | Improved Unholy Strength |
| 8:41 | Burrow |
| 8:58 | Tomb of Relics |
| 9:35 | Spirit Tower |
| 10:49 | Slaughterhouse |
| 10:58 | Gargoyle |
| 10:58 | Gargoyle |
| 10:58 | Gargoyle |
| 10:59 | Gargoyle |
| 11:00 | Gargoyle |
| 11:07 | Crypt Fiend |
| 11:07 | Crypt Fiend |
| 11:08 | Crypt Fiend |
| 11:34 | Ziggurat |
| 12:24 | Ziggurat |
| 12:48 | Crypt Fiend |
| 12:49 | Crypt Fiend |
| 12:50 | Gargoyle |
| 12:51 | Gargoyle |
| 13:00 | Disease Cloud |
| 13:55 | Abomination |
| 13:55 | Abomination |
| 14:19 | Spirit Tower |
| 14:47 | Acolyte |
| 15:03 | Acolyte |
| 16:06 | Acolyte |
| 17:29 | Ziggurat |
| 17:38 | Ziggurat |
| 18:12 | Spirit Tower |
| 18:28 | Abomination |
| 18:28 | Abomination |
| 18:28 | Abomination |
| 18:42 | Acolyte |
| 19:15 | Spirit Tower |
| 19:34 | Abomination |
| 20:01 | Necropolis |
| 20:43 | Acolyte |
| 20:49 | Ziggurat |
| 21:14 | Ziggurat |
| 23:08 | Acolyte |
| 23:56 | Abomination |
| 23:57 | Abomination |
| 24:57 | Abomination |
| 24:59 | Abomination |
| 25:37 | Crypt Fiend |
| 25:37 | Crypt Fiend |
| 25:38 | Crypt Fiend |
| 26:43 | Advanced Unholy Strength |
| 27:06 | Abomination |
| 27:08 | Abomination |
| 27:10 | Abomination |
| 27:11 | Abomination |
| 27:31 | Improved Unholy Armor |
| 27:38 | Gargoyle |
| Select | 238 |
| Right click | 136 |
| Build/train/purchase | 65 |
| Select group | 19 |
| Assign group | 4 |
| Use ability | 1 |

| Peon | 20 | 1500 | / | 0 |
| Grunt | 9 | 1800 | / | 0 |
| Spirit Walker | 6 | 1170 | / | 210 |
| Tauren | 15 | 4200 | / | 1200 |
| Shaman | 15 | 1950 | / | 300 |
| total: | 65 | 10620g | / | 1710w |
| Altar of Storms | 1 | 180 | / | 50 |
| Orc Burrow | 20 | 3200 | / | 800 |
| Barracks | 2 | 360 | / | 100 |
| Voodoo Lounge | 1 | 130 | / | 30 |
| War Mill | 1 | 205 | / | 0 |
| Great Hall | 2 | 770 | / | 370 |
| Tauren Totem | 2 | 270 | / | 310 |
| Spirit Lodge | 1 | 150 | / | 150 |
| Stronghold | 1 | 315 | / | 190 |
| Fortress | 1 | 325 | / | 190 |
| total: | 30 | 5265g | / | 1810w |
| 0:05 | Altar of Storms |
| 0:06 | Peon |
| 0:06 | Peon |
| 0:10 | Orc Burrow |
| 0:17 | Peon |
| 0:38 | Peon |
| 1:08 | Barracks |
| 1:09 | Peon |
| 1:16 | Peon |
| 1:21 | Peon |
| 1:29 | Orc Burrow |
| 1:35 | Peon |
| 2:09 | Endurance Aura |
| 2:21 | Grunt |
| 2:21 | Grunt |
| 2:28 | Peon |
| 2:43 | Grunt |
| 3:08 | Barracks |
| 3:18 | Orc Burrow |
| 3:45 | Grunt |
| 4:14 | Grunt |
| 4:37 | Grunt |
| 4:38 | Grunt |
| 4:38 | Grunt |
| 4:54 | Orc Burrow |
| 5:16 | Voodoo Lounge |
| 5:27 | War Mill |
| 6:00 | Orc Burrow |
| 6:18 | Stronghold |
| 6:38 | War Stomp |
| 6:58 | Grunt |
| 8:46 | Great Hall |
| 8:51 | Endurance Aura |
| 8:57 | Fortress |
| 9:00 | Tauren Totem |
| 9:07 | Tauren Totem |
| 9:13 | Spirit Lodge |
| 9:39 | Orc Burrow |
| 11:00 | Shaman Adept Training |
| 11:03 | Spirit Walker |
| 11:04 | Spirit Walker Adept Training |
| 11:06 | Spirit Walker |
| 11:44 | Shockwave |
| 11:53 | Pulverize |
| 11:55 | Tauren |
| 11:57 | Tauren |
| 12:01 | Shaman Master Training |
| 12:08 | Great Hall |
| 12:17 | Shaman |
| 12:23 | Tauren |
| 12:23 | Tauren |
| 12:25 | Shaman |
| 13:06 | Tauren |
| 13:32 | Spirit Walker Master Training |
| 13:38 | Tauren |
| 13:58 | Steel Armor |
| 14:05 | Shaman |
| 14:33 | Tauren |
| 15:15 | Peon |
| 15:15 | Peon |
| 15:15 | Peon |
| 15:15 | Peon |
| 15:16 | Peon |
| 16:20 | Tauren |
| 16:23 | Shaman |
| 16:37 | Steel Melee Weapons |
| 17:06 | Endurance Aura |
| 17:20 | Tauren |
| 17:26 | Spirit Walker |
| 17:32 | Shaman |
| 17:45 | Spirit Walker |
| 18:02 | Shaman |
| 18:18 | Tauren |
| 18:55 | Shaman |
| 18:57 | Tauren |
| 18:59 | Spirit Walker |
| 19:43 | Tauren |
| 20:02 | Reincarnation |
| 20:16 | Thorium Armor |
| 20:16 | Thorium Melee Weapons |
| 20:18 | Shaman |
| 20:18 | Shaman |
| 20:30 | Shaman |
| 21:46 | Tauren |
| 21:50 | Shaman |
| 22:55 | Orc Burrow |
| 22:57 | Orc Burrow |
| 22:59 | Orc Burrow |
| 23:00 | Orc Burrow |
| 23:02 | Orc Burrow |
| 23:03 | Orc Burrow |
| 23:35 | Orc Burrow |
| 23:36 | Orc Burrow |
| 23:38 | Arcanite Armor |
| 24:40 | Orc Burrow |
| 24:40 | Orc Burrow |
| 24:43 | Orc Burrow |
| 24:44 | Orc Burrow |
| 24:46 | Orc Burrow |
| 24:46 | Orc Burrow |
| 25:00 | War Stomp |
| 25:52 | Peon |
| 25:53 | Peon |
| 25:53 | Peon |
| 25:53 | Peon |
| 25:53 | Peon |
| 25:53 | Peon |
| 25:58 | Spirit Walker |
| 26:00 | Shaman |
| 26:00 | Shaman |
| 26:01 | Shaman |
| 26:01 | Shaman |
| 26:04 | Tauren |
| 26:07 | War Stomp |
| 27:46 | Shockwave |
| 28:13 | Tauren |
| Right click | 940 |
| Select | 501 |
| Build/train/purchase | 113 |
| Misc. action | 69 |
| Use ability | 11 |
| Minimap ping | 9 |

| Lesser Clarity Potion | 4 | 280 |
| Healing Salve | 2 | 200 |
| Boots of Speed | 1 | 250 |
| total: | 7 | 730g |
| Peon | 11 | 825 | / | 0 |
| Troll Batrider | 56 | 8960 | / | 2240 |
| total: | 67 | 9785g | / | 2240w |
| Watch Tower | 2 | 220 | / | 160 |
| Orc Burrow | 5 | 800 | / | 200 |
| Altar of Storms | 1 | 180 | / | 50 |
| Voodoo Lounge | 1 | 130 | / | 30 |
| War Mill | 1 | 205 | / | 0 |
| Barracks | 1 | 180 | / | 50 |
| Great Hall | 1 | 385 | / | 185 |
| Beastiary | 4 | 580 | / | 560 |
| Stronghold | 1 | 315 | / | 190 |
| Fortress | 3 | 975 | / | 570 |
| total: | 16 | 2680g | / | 1235w |
| 0:06 | Orc Burrow |
| 0:13 | Altar of Storms |
| 0:14 | Peon |
| 0:15 | Peon |
| 0:44 | Voodoo Lounge |
| 0:48 | Peon |
| 1:03 | Peon |
| 1:13 | War Mill |
| 1:16 | Peon |
| 1:34 | Peon |
| 1:44 | Orc Burrow |
| 1:46 | Peon |
| 2:08 | Peon |
| 2:19 | Barracks |
| 2:22 | Lesser Clarity Potion |
| 2:28 | Healing Salve |
| 2:28 | Healing Salve |
| 2:31 | Wind Walk |
| 3:07 | Orc Burrow |
| 3:28 | Peon |
| 3:36 | Lesser Clarity Potion |
| 3:47 | Stronghold |
| 4:02 | Steel Ranged Weapons |
| 4:11 | Boots of Speed |
| 4:22 | Watch Tower |
| 5:35 | Watch Tower |
| 5:46 | Steel Armor |
| 5:52 | Spiked Barricades |
| 6:02 | Orc Burrow |
| 6:09 | Lesser Clarity Potion |
| 6:20 | Beastiary |
| 6:26 | Beastiary |
| 6:29 | Beastiary |
| 6:34 | Peon |
| 6:34 | Peon |
| 6:50 | Beastiary |
| 7:55 | Critical Strike |
| 8:03 | Troll Batrider |
| 8:03 | Troll Batrider |
| 8:03 | Troll Batrider |
| 8:03 | Troll Batrider |
| 8:14 | Lesser Clarity Potion |
| 8:29 | Thorium Ranged Weapons |
| 8:53 | Fortress |
| 8:53 | Fortress |
| 9:09 | Troll Batrider |
| 9:09 | Troll Batrider |
| 9:33 | Troll Batrider |
| 9:33 | Troll Batrider |
| 9:34 | Troll Batrider |
| 9:34 | Troll Batrider |
| 10:22 | Troll Batrider |
| 10:22 | Troll Batrider |
| 10:50 | Troll Batrider |
| 10:51 | Troll Batrider |
| 11:15 | Liquid Fire |
| 11:22 | Arcanite Ranged Weapons |
| 13:35 | Troll Batrider |
| 13:35 | Troll Batrider |
| 13:35 | Troll Batrider |
| 13:35 | Troll Batrider |
| 13:35 | Troll Batrider |
| 13:37 | Troll Batrider |
| 13:37 | Troll Batrider |
| 14:13 | Troll Batrider |
| 14:13 | Troll Batrider |
| 14:13 | Troll Batrider |
| 14:40 | Thorium Armor |
| 15:11 | Orc Burrow |
| 16:04 | Troll Batrider |
| 16:04 | Troll Batrider |
| 16:36 | Troll Batrider |
| 16:36 | Troll Batrider |
| 16:36 | Troll Batrider |
| 17:21 | Troll Batrider |
| 17:21 | Troll Batrider |
| 17:21 | Troll Batrider |
| 17:57 | Troll Batrider |
| 17:57 | Troll Batrider |
| 18:54 | Troll Batrider |
| 18:54 | Troll Batrider |
| 18:54 | Troll Batrider |
| 20:02 | Troll Batrider |
| 20:02 | Troll Batrider |
| 20:39 | Troll Regeneration |
| 20:45 | Troll Batrider |
| 20:45 | Troll Batrider |
| 20:45 | Troll Batrider |
| 20:59 | Troll Batrider |
| 22:30 | Troll Batrider |
| 22:30 | Troll Batrider |
| 22:31 | Troll Batrider |
| 22:31 | Troll Batrider |
| 24:01 | Troll Batrider |
| 24:01 | Troll Batrider |
| 24:01 | Troll Batrider |
| 24:01 | Troll Batrider |
| 26:12 | Troll Batrider |
| 26:12 | Troll Batrider |
| 26:12 | Troll Batrider |
| 26:12 | Troll Batrider |
| 26:12 | Troll Batrider |
| 28:52 | Great Hall |
| Right click | 1224 |
| Select | 381 |
| Build/train/purchase | 108 |
| Use ability | 9 |
| Remove unit | 1 |
176 units @ 26.8k
/ 3.4k
124 buildings @ 16.8k
/ 7.3k


| Potion of Healing | 1 | 150 |
| Scroll of Regeneration | 2 | 200 |
| Orb of Fire | 1 | 325 |
| Scroll of Town Portal | 3 | 1050 |
| total: | 7 | 1725g |
| Peasant | 16 | 1200 | / | 0 |
| Rifleman | 10 | 2050 | / | 300 |
| Gryphon Rider | 15 | 4200 | / | 1050 |
| Archer | 4 | 520 | / | 40 |
| total: | 45 | 7970g | / | 1390w |
| Scout Tower | 21 | 630 | / | 420 |
| Guard Tower | 11 | 770 | / | 550 |
| Farm | 12 | 960 | / | 240 |
| Blacksmith | 1 | 140 | / | 60 |
| Barracks | 1 | 160 | / | 60 |
| Altar of Kings | 1 | 180 | / | 50 |
| Arcane Vault | 1 | 130 | / | 30 |
| Town Hall | 2 | 770 | / | 410 |
| Lumber Mill | 1 | 120 | / | 0 |
| Gryphon Aviary | 3 | 420 | / | 450 |
| Keep | 1 | 320 | / | 210 |
| Castle | 1 | 360 | / | 210 |
| Moon Well | 1 | 180 | / | 40 |
| total: | 44 | 3690g | / | 1760w |
| 0:04 | Peasant |
| 0:05 | Peasant |
| 0:24 | Farm |
| 0:26 | Farm |
| 0:29 | Peasant |
| 0:30 | Peasant |
| 0:30 | Peasant |
| 0:30 | Peasant |
| 1:00 | Blacksmith |
| 1:08 | Barracks |
| 1:23 | Farm |
| 1:33 | Peasant |
| 1:40 | Altar of Kings |
| 2:10 | Farm |
| 2:16 | Rifleman |
| 2:31 | Peasant |
| 2:39 | Farm |
| 2:42 | Rifleman |
| 2:43 | Peasant |
| 2:52 | Peasant |
| 3:09 | Rifleman |
| 3:11 | Peasant |
| 3:33 | Rifleman |
| 3:37 | Peasant |
| 4:14 | Farm |
| 4:25 | Storm Bolt |
| 4:57 | Rifleman |
| 5:00 | Keep |
| 5:28 | Rifleman |
| 5:45 | Arcane Vault |
| 6:00 | Town Hall |
| 6:09 | Rifleman |
| 6:35 | Rifleman |
| 8:01 | Rifleman |
| 8:04 | Thunder Clap |
| 8:16 | Rifleman |
| 8:28 | Castle |
| 8:33 | Peasant |
| 8:33 | Peasant |
| 8:33 | Peasant |
| 8:38 | Potion of Healing |
| 8:42 | Scroll of Regeneration |
| 9:00 | Scroll of Town Portal |
| 9:05 | Scroll of Regeneration |
| 9:21 | Farm |
| 9:24 | Studded Leather Armor |
| 10:22 | Devotion Aura |
| 10:29 | Long Rifles |
| 10:31 | Reinforced Leather Armor |
| 10:43 | Storm Bolt |
| 11:05 | Divine Shield |
| 11:13 | Lumber Mill |
| 11:15 | Farm |
| 12:07 | Scroll of Town Portal |
| 12:23 | Gryphon Aviary |
| 12:27 | Gryphon Aviary |
| 12:33 | Gryphon Aviary |
| 13:25 | Scout Tower |
| 13:26 | Scout Tower |
| 13:52 | Scout Tower |
| 13:53 | Scout Tower |
| 13:54 | Scout Tower |
| 13:55 | Scout Tower |
| 13:56 | Scout Tower |
| 13:59 | Scout Tower |
| 14:11 | Scout Tower |
| 14:13 | Guard Tower |
| 14:14 | Scout Tower |
| 14:18 | Scout Tower |
| 14:20 | Scout Tower |
| 14:23 | Scout Tower |
| 14:24 | Scout Tower |
| 14:26 | Scout Tower |
| 14:32 | Scout Tower |
| 14:33 | Scout Tower |
| 14:36 | Scout Tower |
| 14:37 | Scout Tower |
| 14:48 | Guard Tower |
| 14:53 | Improved Lumber Harvesting |
| 14:54 | Peasant |
| 14:59 | Guard Tower |
| 15:01 | Guard Tower |
| 15:11 | Thunder Clap |
| 15:12 | Scroll of Town Portal |
| 15:13 | Orb of Fire |
| 15:22 | Gryphon Rider |
| 15:29 | Guard Tower |
| 15:44 | Guard Tower |
| 15:55 | Guard Tower |
| 16:22 | Gryphon Rider |
| 16:33 | Guard Tower |
| 16:43 | Gryphon Rider |
| 16:46 | Farm |
| 17:39 | Gryphon Rider |
| 17:42 | Animal War Training |
| 18:11 | Guard Tower |
| 18:13 | Guard Tower |
| 18:17 | Guard Tower |
| 18:17 | Gryphon Rider |
| 19:03 | Gryphon Rider |
| 19:03 | Gryphon Rider |
| 19:35 | Gryphon Rider |
| 19:52 | Town Hall |
| 19:56 | Scout Tower |
| 19:58 | Scout Tower |
| 21:50 | Farm |
| 22:05 | Devotion Aura |
| 23:35 | Farm |
| 24:30 | Storm Hammers |
| 24:31 | Gryphon Rider |
| 24:42 | Divine Shield |
| 26:17 | Moon Well |
| 26:25 | Gryphon Rider |
| 26:26 | Gryphon Rider |
| 26:28 | Iron Forged Swords |
| 26:28 | Dragonhide Armor |
| 27:10 | Gryphon Rider |
| 27:12 | Gryphon Rider |
| 27:28 | Fan of Knives |
| 27:34 | Archer |
| 27:34 | Archer |
| 27:35 | Archer |
| 27:35 | Archer |
| 27:46 | Farm |
| 27:49 | Gryphon Rider |
| 28:25 | Storm Bolt |
| 29:05 | Gryphon Rider |
| Right click | 827 |
| Chat | 666 |
| Select | 350 |
| Build/train/purchase | 102 |
| Select group | 34 |
| Use ability | 22 |
| Minimap ping | 11 |
| Assign group | 7 |
| Misc. action | 1 |

| Dust of Appearance | 1 | 75 |
| total: | 1 | 75g |
| Wisp | 25 | 1500 | / | 0 |
| Archer | 12 | 1560 | / | 120 |
| Huntress | 13 | 2535 | / | 260 |
| total: | 50 | 5595g | / | 380w |
| Ancient Protector | 5 | 675 | / | 400 |
| Altar of Elders | 1 | 180 | / | 50 |
| Moon Well | 5 | 900 | / | 200 |
| Ancient of War | 2 | 300 | / | 120 |
| Hunter's Hall | 1 | 210 | / | 100 |
| Ancient of Wonders | 1 | 90 | / | 30 |
| Tree of Life | 4 | 1360 | / | 740 |
| Tree of Ages | 1 | 320 | / | 180 |
| total: | 19 | 3715g | / | 1640w |
| 0:08 | Altar of Elders |
| 0:09 | Wisp |
| 0:09 | Wisp |
| 0:09 | Wisp |
| 0:30 | Moon Well |
| 0:35 | Wisp |
| 1:12 | Ancient of War |
| 1:19 | Wisp |
| 1:19 | Wisp |
| 1:19 | Wisp |
| 1:19 | Wisp |
| 1:37 | Moon Well |
| 2:19 | Archer |
| 2:19 | Archer |
| 2:32 | Shadow Strike |
| 2:34 | Moon Well |
| 2:48 | Wisp |
| 2:48 | Wisp |
| 3:07 | Hunter's Hall |
| 3:38 | Moon Well |
| 3:49 | Ancient of Wonders |
| 3:51 | Tree of Ages |
| 3:53 | Archer |
| 3:53 | Archer |
| 4:21 | Fan of Knives |
| 4:44 | Huntress |
| 4:44 | Huntress |
| 4:51 | Moon Well |
| 5:28 | Archer |
| 5:41 | Archer |
| 5:42 | Archer |
| 6:51 | Huntress |
| 6:51 | Huntress |
| 6:51 | Huntress |
| 6:52 | Huntress |
| 7:20 | Ancient of War |
| 7:56 | Dust of Appearance |
| 8:28 | Wisp |
| 8:29 | Wisp |
| 9:05 | Tree of Life |
| 9:13 | Vorpal Blades |
| 9:53 | Huntress |
| 9:54 | Huntress |
| 9:54 | Huntress |
| 9:54 | Huntress |
| 9:54 | Huntress |
| 10:42 | Wisp |
| 10:42 | Wisp |
| 10:42 | Wisp |
| 10:42 | Wisp |
| 10:57 | Blink |
| 11:12 | Huntress |
| 11:12 | Huntress |
| 11:14 | Archer |
| 11:14 | Archer |
| 11:15 | Archer |
| 11:15 | Archer |
| 11:57 | Wisp |
| 11:57 | Wisp |
| 11:58 | Wisp |
| 11:58 | Wisp |
| 11:58 | Wisp |
| 13:30 | Tree of Life |
| 13:39 | Ancient Protector |
| 13:46 | Ancient Protector |
| 13:48 | Ancient Protector |
| 14:44 | Ancient Protector |
| 14:47 | Tree of Life |
| 16:06 | Ancient Protector |
| 16:10 | Archer |
| 17:13 | Fan of Knives |
| 17:31 | Wisp |
| 17:31 | Wisp |
| 17:31 | Wisp |
| 17:31 | Wisp |
| 18:09 | Tree of Life |
| Right click | 1224 |
| Select | 335 |
| Chat | 244 |
| Build/train/purchase | 89 |
| Use ability | 52 |
| Resource trade | 10 |
| Minimap ping | 3 |
| Select group | 2 |
| Assign group | 1 |


| Healing Salve | 3 | 300 |
| Orb of Lightning | 1 | 375 |
| Potion of Healing | 1 | 150 |
| Scroll of Healing | 1 | 250 |
| Scroll of Town Portal | 3 | 1050 |
| Boots of Speed | 1 | 250 |
| Scroll of Protection | 1 | 150 |
| total: | 11 | 2525g |
| Peon | 16 | 1200 | / | 0 |
| Grunt | 15 | 3000 | / | 0 |
| Shaman | 5 | 650 | / | 100 |
| Troll Witch Doctor | 5 | 725 | / | 125 |
| Tauren | 4 | 1120 | / | 320 |
| Demolisher | 2 | 440 | / | 100 |
| Forest Troll High Priest | 1 | 305 | / | 40 |
| total: | 48 | 7440g | / | 685w |
| Watch Tower | 9 | 990 | / | 720 |
| Altar of Storms | 1 | 180 | / | 50 |
| Orc Burrow | 7 | 1120 | / | 280 |
| Barracks | 2 | 360 | / | 100 |
| War Mill | 1 | 205 | / | 0 |
| Great Hall | 1 | 385 | / | 185 |
| Voodoo Lounge | 1 | 130 | / | 30 |
| Spirit Lodge | 2 | 300 | / | 300 |
| Tauren Totem | 1 | 135 | / | 155 |
| Stronghold | 1 | 315 | / | 190 |
| Fortress | 1 | 325 | / | 190 |
| total: | 25 | 3805g | / | 1820w |
| 0:29 | Peon |
| 0:30 | Peon |
| 0:30 | Peon |
| 1:04 | Peon |
| 1:27 | Altar of Storms |
| 1:32 | Orc Burrow |
| 1:35 | Peon |
| 1:47 | Barracks |
| 1:49 | Peon |
| 2:35 | Orc Burrow |
| 2:41 | War Mill |
| 2:43 | Peon |
| 3:02 | Orc Burrow |
| 3:19 | Grunt |
| 3:29 | Barracks |
| 3:35 | Wind Walk |
| 4:21 | Grunt |
| 5:04 | Watch Tower |
| 5:08 | Watch Tower |
| 5:15 | Grunt |
| 5:17 | Grunt |
| 5:55 | Grunt |
| 5:57 | Grunt |
| 6:03 | Orc Burrow |
| 6:15 | Watch Tower |
| 6:25 | Critical Strike |
| 6:48 | Grunt |
| 7:25 | Great Hall |
| 8:05 | Grunt |
| 8:07 | Stronghold |
| 8:23 | Critical Strike |
| 8:35 | Voodoo Lounge |
| 8:57 | Scroll of Healing |
| 9:01 | Boots of Speed |
| 9:02 | Scroll of Protection |
| 9:41 | Healing Salve |
| 9:57 | Healing Salve |
| 10:02 | Peon |
| 10:02 | Peon |
| 10:02 | Peon |
| 10:02 | Peon |
| 10:19 | Steel Melee Weapons |
| 10:26 | Orc Burrow |
| 10:59 | Forest Troll High Priest |
| 11:11 | Fortress |
| 11:42 | Berserker Strength |
| 11:45 | Spirit Lodge |
| 11:47 | Spirit Lodge |
| 12:07 | Watch Tower |
| 12:14 | Endurance Aura |
| 12:23 | Grunt |
| 13:00 | Wind Walk |
| 13:18 | Shaman Adept Training |
| 13:18 | Witch Doctor Adept Training |
| 13:22 | Orc Burrow |
| 13:57 | Thorium Melee Weapons |
| 14:02 | Tauren Totem |
| 14:46 | Shaman Master Training |
| 15:02 | Witch Doctor Master Training |
| 15:10 | Grunt |
| 15:13 | Orb of Lightning |
| 15:14 | Scroll of Town Portal |
| 15:21 | Spirit Walker Adept Training |
| 15:23 | Pulverize |
| 15:25 | Shaman |
| 15:25 | Shaman |
| 15:25 | Shaman |
| 15:26 | Troll Witch Doctor |
| 15:26 | Troll Witch Doctor |
| 15:26 | Troll Witch Doctor |
| 15:46 | Healing Salve |
| 16:19 | War Stomp |
| 17:44 | Shaman |
| 17:44 | Shaman |
| 17:47 | Tauren |
| 17:47 | Tauren |
| 17:53 | Critical Strike |
| 18:05 | Peon |
| 18:05 | Peon |
| 18:05 | Peon |
| 18:05 | Peon |
| 18:05 | Peon |
| 18:16 | Scroll of Town Portal |
| 18:22 | Grunt |
| 18:23 | Grunt |
| 18:35 | Watch Tower |
| 18:37 | Watch Tower |
| 18:58 | Endurance Aura |
| 19:54 | Watch Tower |
| 19:56 | Scroll of Town Portal |
| 19:57 | Potion of Healing |
| 20:02 | Tauren |
| 20:03 | Tauren |
| 20:14 | Troll Witch Doctor |
| 20:14 | Troll Witch Doctor |
| 20:29 | Arcanite Melee Weapons |
| 20:50 | Grunt |
| 22:06 | Orc Burrow |
| 22:46 | Watch Tower |
| 23:25 | War Stomp |
| 23:52 | Watch Tower |
| 24:15 | Grunt |
| 24:15 | Grunt |
| 24:18 | Burning Oil |
| 24:19 | Demolisher |
| 24:19 | Demolisher |
| 24:39 | Bladestorm |
| Right click | 1202 |
| Select group | 796 |
| Chat | 606 |
| Select | 318 |
| Build/train/purchase | 125 |
| Minimap ping | 39 |
| Assign group | 32 |
| Misc. action | 30 |
| Use ability | 27 |
| Resource trade | 15 |
| Remove unit | 3 |
| Item give/drop | 1 |

| Rod of Necromancy | 1 | 150 |
| Potion of Healing | 2 | 300 |
| Orb of Corruption | 1 | 375 |
| Potion of Mana | 1 | 200 |
| Scroll of Town Portal | 2 | 700 |
| total: | 7 | 1725g |
| Acolyte | 8 | 600 | / | 0 |
| Ghoul | 9 | 1080 | / | 0 |
| Crypt Fiend | 12 | 2580 | / | 480 |
| Frost Wyrm | 4 | 1540 | / | 480 |
| total: | 33 | 5800g | / | 960w |
| Nerubian Tower | 1 | 100 | / | 20 |
| Spirit Tower | 15 | 2175 | / | 600 |
| Ziggurat | 27 | 4050 | / | 1350 |
| Altar of Darkness | 1 | 180 | / | 50 |
| Crypt | 2 | 400 | / | 100 |
| Tomb of Relics | 1 | 130 | / | 30 |
| Graveyard | 1 | 215 | / | 0 |
| Necropolis | 1 | 225 | / | 0 |
| Sacrificial Pit | 1 | 75 | / | 150 |
| Boneyard | 2 | 350 | / | 400 |
| Halls of the Dead | 1 | 320 | / | 210 |
| Black Citadel | 1 | 325 | / | 230 |
| total: | 36 | 5625g | / | 2080w |
| 0:08 | Acolyte |
| 0:08 | Acolyte |
| 0:09 | Ziggurat |
| 0:18 | Altar of Darkness |
| 0:39 | Crypt |
| 1:01 | Nerubian Tower |
| 1:29 | Tomb of Relics |
| 1:32 | Graveyard |
| 1:49 | Ziggurat |
| 1:53 | Ghoul |
| 1:53 | Ghoul |
| 1:55 | Ghoul |
| 1:56 | Ghoul |
| 2:13 | Ghoul |
| 2:21 | Ghoul |
| 2:30 | Death Coil |
| 2:42 | Ziggurat |
| 3:16 | Crypt |
| 3:20 | Ziggurat |
| 3:29 | Rod of Necromancy |
| 3:43 | Ghoul |
| 4:03 | Crypt Fiend |
| 4:25 | Crypt Fiend |
| 4:58 | Crypt Fiend |
| 5:00 | Spirit Tower |
| 5:17 | Spirit Tower |
| 5:32 | Unholy Aura |
| 5:38 | Crypt Fiend |
| 5:56 | Creature Attack |
| 6:04 | Ziggurat |
| 6:43 | Crypt Fiend |
| 6:44 | Crypt Fiend |
| 7:33 | Halls of the Dead |
| 7:35 | Crypt Fiend |
| 8:02 | Unholy Aura |
| 8:39 | Spirit Tower |
| 8:42 | Crypt Fiend |
| 8:43 | Crypt Fiend |
| 9:34 | Creature Carapace |
| 9:39 | Ziggurat |
| 10:20 | Ziggurat |
| 10:22 | Black Citadel |
| 10:24 | Sacrificial Pit |
| 10:42 | Spirit Tower |
| 11:09 | Web |
| 11:09 | Burrow |
| 11:14 | Spirit Tower |
| 11:21 | Death Coil |
| 11:44 | Crypt Fiend |
| 11:45 | Improved Creature Attack |
| 11:46 | Improved Creature Carapace |
| 12:34 | Death Coil |
| 13:04 | Acolyte |
| 13:37 | Potion of Healing |
| 13:38 | Orb of Corruption |
| 13:40 | Scroll of Town Portal |
| 13:52 | Acolyte |
| 13:53 | Acolyte |
| 14:31 | Ziggurat |
| 14:32 | Ziggurat |
| 15:04 | Acolyte |
| 15:04 | Acolyte |
| 15:04 | Acolyte |
| 15:39 | Spirit Tower |
| 16:14 | Crypt Fiend |
| 16:30 | Ziggurat |
| 16:59 | Advanced Creature Attack |
| 17:26 | Spirit Tower |
| 17:54 | Ziggurat |
| 17:54 | Ziggurat |
| 17:54 | Ziggurat |
| 17:56 | Ziggurat |
| 18:49 | Spirit Tower |
| 18:56 | Spirit Tower |
| 18:56 | Spirit Tower |
| 19:35 | Spirit Tower |
| 20:27 | Crypt Fiend |
| 20:30 | Scroll of Town Portal |
| 20:32 | Potion of Healing |
| 20:35 | Potion of Mana |
| 20:54 | Boneyard |
| 20:56 | Boneyard |
| 21:46 | Unholy Aura |
| 21:59 | Ziggurat |
| 22:12 | Freezing Breath |
| 22:13 | Frost Wyrm |
| 23:00 | Frost Wyrm |
| 23:17 | Ziggurat |
| 23:18 | Ziggurat |
| 23:18 | Ziggurat |
| 24:12 | Spirit Tower |
| 24:14 | Spirit Tower |
| 24:21 | Ziggurat |
| 24:22 | Ziggurat |
| 24:23 | Ziggurat |
| 24:24 | Ziggurat |
| 24:24 | Ziggurat |
| 24:33 | Ghoul |
| 24:33 | Ghoul |
| 25:06 | Animate Dead |
| 25:19 | Frost Wyrm |
| 25:19 | Frost Wyrm |
| 25:33 | Ziggurat |
| 25:34 | Ziggurat |
| 26:23 | Death Pact |
| 26:38 | Necropolis |
| 27:30 | Death Pact |
| 28:22 | Death Pact |
| 28:42 | Ziggurat |
| 28:43 | Ziggurat |
| Right click | 570 |
| Select group | 496 |
| Chat | 354 |
| Select | 285 |
| Misc. action | 181 |
| Build/train/purchase | 123 |
| Assign group | 88 |
| Use ability | 36 |
| Resource trade | 12 |
| Minimap ping | 6 |
| Esc | 4 |
⇛